Unix NetHack Version 3.7.0-61 Work-in-progress - last build Jul 22 2022 01:17:04 (76b68a5543021f85d9193291e0cc6e7301e83a09,branch:master). Game began 2022-07-14 12:43:33, ended 2022-07-27 11:56:31. bezaban, neutral male human Tourist ---- --..|. |...... |..-- . ------|.--|.. --.--<.|)| |......h.| |.....@.-- ---....| --..-- |..| ---- Bezaban the Rambler St:14 Dx:12 Co:10 In:12 Wi:9 Ch:18 Neutral Dlvl:3 $:688 HP:0(10) Pw:2(2) AC:10 Xp:1/4 T:1248 Latest messages: Catface bites it. Catface grows up into a housecat. You hear a G note squeak in the distance. You hear some noises. You hear some noises in the distance. The dwarf swings his pick-axe. The dwarf hits! You hear some noises in the distance. You hear a G note squeak in the distance. What do you want to use or apply? [lmqt or ?*] You produce a high-pitched humming noise. You hear crashing rock. What do you want to use or apply? [lmqt or ?*] You produce a high-pitched humming noise. What do you want to use or apply? [lmqt or ?*] You produce a high-pitched humming noise. What do you want to use or apply? [lmqt or ?*] You produce a strange whistling sound. Catface appears. Catface drops a dart. Catface picks up a dart. You stop. Catface is in the way! You hear a G note squeak in the distance. The '-' prefix should be followed by a movement command. Catface drops a dart. You see here a dart. You swap places with Catface. w - a clear potion. You hear a G note squeak in the distance. The gnome hits! The gnome wields a thonged club! The thonged club welds itself to the gnome's hand! Catface drops a dart. You see here a dart. Catface bites it. You hear a G note squeak in the distance. Catface eats a gnome corpse. Are you waiting to get hit? Use 'm' prefix to force a no-op (to rest). The gnome picks up a dart. You hear some noises in the distance. In what direction? The dart misses the dwarf. The dwarf swings his pick-axe. The dwarf hits! You die... Do you want your possessions identified? [ynq] (y) Do you want to see your attributes? [ynq] (y) Do you want an account of creatures vanquished? [ynaq] (y) Do you want to see your conduct and achievements? [ynq] (y) Do you want to see the dungeon overview? [ynq] (y) Major events: Turn 1: bezaban the neutral male human Tourist entered the dungeon 687: entered the Gnomish Mines 1248: killed by a dwarf Inventory: Weapons a - 26 +2 darts (at the ready) o - 22 +0 darts u - a +0 dagger (weapon in hand) Armor k - an uncursed +0 Hawaiian shirt with a plumeria motif (being worn) Comestibles s - an uncursed avocado f - 4 uncursed food rations p - 3 cursed food rations b - an uncursed orange d - an uncursed sprig of wolfsbane g - 2 uncursed tripe rations e - an uncursed egg Scrolls n - a blessed scroll of blank paper j - 4 uncursed scrolls of magic mapping Potions i - 2 uncursed potions of extra healing w - an uncursed potion of water Rings r - an uncursed ring of invisibility Wands t - a wand of striking (0:3) Tools q - an uncursed credit card l - an expensive camera (0:37) m - a cursed magic whistle named cursed Bezaban the Tourist's attributes: Background: You were a Rambler, a level 1 male human Tourist. You were neutral, nominally on a mission for The Lady who was opposed by Blind Io (lawful) and Offler (chaotic). You were in the Gnomish Mines, on level 3. You entered the dungeon 1248 turns ago. There was a new moon in effect when your adventure ended. You had 4 experience points, 16 more were needed to attain level 2. Basics: You had 0 out of 10 hit points. You had both energy points (spell power). Your armor class was 10. Your wallet contained 688 zorkmids. Autopickup was on for '$!?/"=%' plus thrown, with exceptions. Final Characteristics: Your strength was 14 (limit:18/100). Your dexterity was 12 (limit:18). Your constitution was 10 (limit:18). Your intelligence was 12 (limit:18). Your wisdom was 9 (limit:18). Your charisma was 18 (limit:18). Final Status: You were not hungry. You were unencumbered. You were wielding a dagger. You were unskilled in dagger. Final Attributes: You were nominally aligned. You are dead. Miscellaneous: You never encountered a bones level. Total elapsed playing time was 16 minutes and 58 seconds. Vanquished creatures: a dwarf 9 gnomes a jackal a kobold 3 goblins 2 grid bugs 3 lichens a newt 21 creatures vanquished. No species were genocided or became extinct. Voluntary challenges: You were an atheist. You never hit with a wielded weapon. You read items or engraved 3 times. You engraved Elbereth 2 times. You never genocided any monsters. You never polymorphed an object. You never changed form. You used no wishes. Achievement: You entered the Gnomish Mines. The Dungeons of Doom: levels 1 to 2 Level 1: Level 2: A fountain. Stairs down to The Gnomish Mines. The Gnomish Mines: Level 3: <- You were here. Final resting place for you, killed by a dwarf. Game over: ---------- / \ / REST \ / IN \ / PEACE \ / \ | bezaban | | 688 Au | | killed by a | | dwarf | | | | | | 2022 | *| * * * | * _________)/\\_//(\/(/\)/\//\/|_)_______ Aloha bezaban the Tourist... You died in The Gnomish Mines on dungeon level 3 with 136 points, and 688 pieces of gold, after 1248 moves. You were level 1 with a maximum of 10 hit points when you died.